 Dungeon Crawl Stone Soup version 0.30.0 (webtiles) character file.

Game seed: 17258632446027677192

5856 gg19 the Magician (level 10, -10/76 HPs)
             Began as a Gnoll Fire Elementalist on Nov 25, 2023.
             Was an Initiate of Ru.
             Killed by an exploding butterfly (28 damage)
             ... ignited by their inner flame
             ... in a bailey.
             The game lasted 00:51:44 (11057 turns).

gg19 the Magician (Gnoll Fire Elementalist)        Turns: 11057, Time: 00:51:45

Health: -10/76     AC: 17    Str:  9    XL:     10   Next: 81%
Magic:  13/21      EV: 14    Int: 20    God:    Ru [......]
Gold:   365        SH:  0    Dex: 12    Spells: 14/24 levels left

rFire   . . .        Q - +1 hand axe of Living Valiance {vamp, rElec rPois rCorr Int-4}
rCold   . . .        (no shield)
rNeg    . . .        G - +4 leather armour "Terogipu" {*Slow rElec Will+ Slay+3 Stlth+}
rPois   +            D - +0 helmet
rElec   +            r - +1 cloak
rCorr   +            q - +2 pair of gloves {infuse}
SInv    .            u - +2 pair of boots
Will    .....        (no amulet)
Stlth   ++++         y - +6 ring of intelligence
HPRegen 0.32/turn    (no ring)
MPRegen 0.17/turn

%: slow self (1%), infuse magic (1 MP)
@: weak-willed
A: fangs 1, strong nose, distributed training
a: Renounce Religion


You were in a bailey.
You worshipped Ru.
Ru was noncommittal.
You visited 2 branches of the dungeon, and saw 10 of its levels.
You also visited: Ossuary and Bailey.

You collected 561 gold pieces.
You spent 196 gold pieces at shops.

Inventory:

Hand Weapons
 o - a +0 short sword of speed
 A - a +2 vampiric dagger
 Q - the +1 hand axe of Living Valiance (weapon) {vamp, rElec rPois rCorr Int-4}
   (You found it on level 9 of the Dungeon)

   Int:       It affects your intelligence (-4).
   rElec:     It insulates you from electricity.
   rPois:     It protects you from poison.
   rCorr:     It protects you from acid and corrosion.
Missiles
 P - a throwing net
Armour
 f - the +2 helmet "Cebrywel" {rC++}
   (You acquired it in a bailey)

   rC:        It greatly protects you from cold.
 q - a +2 pair of gloves of infusion (worn)
 r - a +1 cloak (worn)
 u - a +2 pair of boots (worn)
 D - a +0 helmet (worn)
 G - the +4 leather armour "Terogipu" (worn) {*Slow rElec Will+ Slay+3 Stlth+}
   (You bought it in a shop on level 6 of the Dungeon)

   Slay:      It affects your accuracy & damage with ranged weapons and melee
   (+3).
   rElec:     It insulates you from electricity.
   *Slow:     It may slow you when you take damage.
   Will:      It increases your willpower.
   Stlth:     It makes you more stealthy.
Jewellery
 y - a +6 ring of intelligence (left hand)
Wands
 s - a wand of polymorph (18)
 C - a wand of iceblast (19)
 E - a wand of digging (5)
 J - a wand of charming (14)
 O - a wand of flame (5)
Scrolls
 a - 4 scrolls of magic mapping
 c - 5 scrolls of identify
 h - 7 scrolls of teleportation
 t - 2 scrolls of blinking
 x - 3 scrolls of vulnerability
 B - a scroll of immolation
 M - a scroll of silence {unknown}
 N - 2 scrolls of enchant weapon {unknown}
Potions
 b - 3 potions of magic
 d - 5 potions of curing {unknown}
 e - 2 potions of lignification {unknown}
 i - 3 potions of mutation {unknown}
 j - a potion of brilliance {unknown}
 k - 3 potions of resistance {unknown}
 m - 7 potions of heal wounds {unknown}
 n - 2 potions of haste {unknown}
 p - 2 potions of might {unknown}
 v - 8 potions of degeneration {unknown}
 F - a potion of cancellation {unknown}
 H - 3 potions of invisibility {unknown}
 I - a potion of flight {unknown}
 K - a potion of berserk rage {unknown}


   Skills:
 + Level 5.8 Fighting
 + Level 5.8 Short Blades
 + Level 5.8 Long Blades
 + Level 5.8 Axes
 + Level 5.8 Maces & Flails
 + Level 5.8 Polearms
 + Level 5.8 Staves
 + Level 5.8 Ranged Weapons
 + Level 5.8 Throwing
 + Level 5.8 Armour
 + Level 7.5 Dodging
 + Level 7.2 Stealth
 + Level 5.8 Shields
 + Level 5.8 Unarmed Combat
 + Level 7.8 Spellcasting
 + Level 5.3 Conjurations
 + Level 4.8 Hexes
 + Level 4.8 Summonings
 + Level 4.8 Necromancy
 + Level 4.8 Translocations
 + Level 4.8 Transmutations
 + Level 7.4 Fire Magic
 + Level 4.8 Ice Magic
 + Level 4.8 Air Magic
 + Level 4.8 Earth Magic
 + Level 4.8 Poison Magic
 + Level 6.4 Invocations
 + Level 5.8 Evocations


You had 14 spell levels left.
You knew the following spells:

 Your Spells              Type           Power      Damage    Failure   Level
a - Foxfire               Conj/Fire      100%       2x1d9     1%          1
b - Scorch                Fire           74%        2d8       1%          2
d - Volatile Blastmotes   Fire/Tloc      64%        2d15      2%          3
e - Flame Wave            Conj/Fire      33%        2d10      9%          4

Your spell library contained the following spells:

 Spells                   Type           Power      Damage    Failure   Level
 Magic Dart               Conj           100%       1d8       1%          1
 Necrotise                Necr           100%       1d9       1%          1
 Call Imp                 Summ           54%        N/A       2%          2
 Sublimation of Blood     Necr           27%        N/A       2%          2
 Wereblood                Tmut           27%        N/A       2%          2
 Inner Flame              Hex/Fire       32%        N/A       2%          3
 Mephitic Cloud           Conj/Pois/Air  27%        N/A       4%          3
 Stone Arrow              Conj/Erth      56%        3d10      4%          3
 Vampiric Draining        Necr           27%        2d7       4%          3
 Vhi's Electric Charge    Tloc/Air       54%        N/A       4%          3
 Animate Armour           Summ/Erth      54%        N/A       16%         4
 Arcjolt                  Conj/Air       14%        1d24      36%         5
 Agony                    Necr           27%        N/A       41%         5
 Yara's Violent Unravell  Hex/Tmut       13%        3d7       41%         5
 Enfeeble                 Hex            13%        N/A       100%        7
 Summon Hydra             Summ           13%        N/A       100%        7
 Lehudib's Crystal Spear  Conj/Erth      14%        10d5      100%        8
 Maxwell's Capacitive Co  Air            13%        ∞         100%        8


Dungeon Overview and Level Annotations

Branches:
Dungeon (9/15)             Temple (1/1) D:4            Lair (0/5) D:8
Ossuary (visited)          Bailey (1/1)
    Orc: D:9-12

Altars:
Cheibriados
Fedhas
Gozag
Hepliaklqana
Kikubaaqudgha
Makhleb
Nemelex Xobeh
Qazlal
Ru
Sif Muna
Trog
Uskayaw
Vehumet
Wu Jian
Yredelemnul
Zin
The Shining One

Shops:
D:2 *   D:5 (   D:6 *[*((

Annotations:
D:4 1 transporter


Innate Abilities, Weirdness & Mutations

You have very sharp teeth.
Your uncanny sense of smell can sniff out nearby items.
Your experience applies equally to all skills.


Message History

The orc warrior hits your butterfly with a +0 war axe.
Your butterfly disappears in a burst of colours!
The orc warrior closely misses your butterfly.
The orc warrior hits your butterfly with a +0 war axe.
Your butterfly disappears in a burst of colours!
Your butterfly explodes!
The fiery explosion engulfs you!
The fiery explosion engulfs the orc warrior!
The orc warrior is severely wounded.
The fiery explosion engulfs your butterfly!
Your butterfly disappears in a burst of colours!
Your butterfly explodes!
The fiery explosion engulfs the orc warrior!!
The orc warrior is severely wounded.
The fiery explosion engulfs your butterfly!!
Your butterfly disappears in a burst of colours!
The fiery explosion engulfs you!
* * * LOW HITPOINT WARNING * * *
The fiery explosion engulfs your butterfly!!
You kill your butterfly!
Your butterfly disappears in a burst of colours!
The fiery explosion engulfs your butterfly!
Your butterfly disappears in a burst of colours!
Your butterfly explodes!
The fiery explosion engulfs your butterfly!
Your butterfly disappears in a burst of colours!
The fiery explosion engulfs your butterfly!!
Your butterfly disappears in a burst of colours!
You hear an explosion! x4
Your butterfly explodes!
The fiery explosion engulfs your butterfly!!
Your butterfly disappears in a burst of colours!
Your butterfly explodes!
The fiery explosion engulfs your butterfly!!!
You kill your butterfly!
Your butterfly disappears in a burst of colours!
You hear an explosion!
Your butterfly explodes! x2
The fiery explosion engulfs you!!
You die...

♣♣♣........♣♣
♣.........♣
♣♣##'''##♣♣
##..b..## #.......#
##§§..bb.##
#§§§......#
##o§§.bbb..##
#######§@§§§b.b...#
##.....##§§§§bb...##
#.......o§§§......+
##...)...##.b.....##
#......)).#..bbbb.#
##.........##.b...##
#.....⌠.....#######
##.........##∆∆∆∆∆
#.........#∆∆∆∆∆∆∆


You could see 2 orc warriors.

Vanquished Creatures
  A hornet (D:7)
  3 wyverns
  6 yaks
  A steam dragon (D:8)
  A water moccasin (D:7)
  2 black bears (D:7)
  4 ice beasts
  An orc warrior (Bailey)
  3 sky beasts
  4 ogres
  2 phantoms
  A kobold brigand (D:8)
  4 bullfrogs
  A gnoll sergeant (D:8)
  2 wyvern zombies (Ossuary)
  A scorpion (D:4)
  7 wights
  2 water moccasin zombies (Ossuary)
  An electric eel (D:6)
  7 howler monkeys
  3 bullfrog zombies (Ossuary)
  3 centaur zombies (Ossuary)
  A jelly (D:5)
  2 orc priests
  3 hounds
  4 sleepcaps
  Ijyb (D:3)
  An iguana (D:6)
  3 orc wizards (D:6)
  4 killer bee zombies (Ossuary)
  14 mummies (Ossuary)
  2 howler monkey zombies (Ossuary)
  13 adders
  6 gnolls
  3 shadow imps
  A white imp (D:6)
  An ufetubus (D:5)
  3 worms (D:2)
  4 dart slugs
  23 orcs
  6 ball pythons
  2 bats
  12 endoplasms
  4 giant cockroaches
  11 goblins
  14 hobgoblins
  6 jackals
  8 quokkas
  4 frilled lizards
  14 kobolds
  6 rats
236 creatures vanquished.

Vanquished Creatures (others)
  370 foxfires
  3 fungi (D:8)
  A plant (D:8)
  8 withered plants (Ossuary)
382 creatures vanquished.

Grand Total: 618 creatures vanquished

Notes
Turn   | Place    | Note
-------+----------+-------------------------------------------
     0 | D:1      | gg19 the Gnoll Fire Elementalist began the quest for the
                  | Orb.
     0 | D:1      | Reached XP level 1. HP: 13/13 MP: 6/6
    78 | D:1      | Reached XP level 2. HP: 17/19 MP: 4/7
   393 | D:1      | Reached skill level 5 in Spellcasting
   393 | D:1      | Reached XP level 3. HP: 25/25 MP: 6/9
   396 | D:1      | Learned a level 2 spell: Scorch
   596 | D:1      | Reached skill level 1 in Invocations
   861 | D:2      | Reached skill level 1 in Fighting
   861 | D:2      | Reached skill level 1 in Short Blades
   861 | D:2      | Reached skill level 1 in Long Blades
   861 | D:2      | Reached skill level 1 in Axes
   861 | D:2      | Reached skill level 1 in Maces & Flails
   861 | D:2      | Reached skill level 1 in Polearms
   861 | D:2      | Reached skill level 1 in Staves
   861 | D:2      | Reached skill level 1 in Ranged Weapons
   861 | D:2      | Reached skill level 1 in Throwing
   861 | D:2      | Reached skill level 1 in Armour
   861 | D:2      | Reached skill level 1 in Shields
   861 | D:2      | Reached skill level 1 in Unarmed Combat
   861 | D:2      | Reached skill level 1 in Evocations
  1004 | D:2      | Reached XP level 4. HP: 32/32 MP: 7/11
  1089 | D:2      | Found Hiphotri's General Store.
  1314 | D:2      | Reached skill level 1 in Hexes
  1314 | D:2      | Reached skill level 1 in Summonings
  1314 | D:2      | Reached skill level 1 in Necromancy
  1314 | D:2      | Reached skill level 1 in Translocations
  1314 | D:2      | Reached skill level 1 in Transmutations
  1314 | D:2      | Reached skill level 1 in Ice Magic
  1314 | D:2      | Reached skill level 1 in Air Magic
  1314 | D:2      | Reached skill level 1 in Earth Magic
  1314 | D:2      | Reached skill level 1 in Poison Magic
  1809 | D:2      | Learned a level 1 spell: Magic Dart
  2442 | D:3      | Noticed a +0 dagger
  2458 | D:3      | Noticed Ijyb
  2476 | D:3      | Killed Ijyb
  2477 | D:3      | Reached XP level 5. HP: 37/37 MP: 0/12
  2634 | D:3      | Found a faded altar of an unknown god.
  3176 | D:3      | Noticed a +0 falchion
  3177 | D:3      | Noticed a +0 short sword
  3179 | D:3      | Noticed a +0 spear
  3179 | D:3      | Noticed a +0 dagger
  3182 | D:3      | Noticed a +0 short sword
  3185 | D:3      | Noticed a +0 spear
  3185 | D:3      | Noticed a +0 falchion
  3194 | D:3      | Found a hide-covered altar of Uskayaw.
  3529 | D:4      | Reached XP level 6. HP: 44/44 MP: 4/14
  3675 | D:4      | Reached skill level 5 in Dodging
  3931 | D:4      | Found a staircase to the Ecumenical Temple.
  4004 | D:4      | Found a sparkling altar of Nemelex Xobeh.
  4004 | D:4      | Found a transporter.
  4095 | Temple   | Entered the Ecumenical Temple
  4308 | D:4      | Reached XP level 7. HP: 50/50 MP: 10/15
  4538 | D:4      | Learned a level 3 spell: Volatile Blastmotes
  4777 | D:4      | Reached skill level 5 in Stealth
  5374 | D:5      | Entered Level 5 of the Dungeon
  5463 | D:5      | Found Imnocyeg's Antique Weapon Shoppe.
  5712 | D:5      | Found a glowing golden altar of the Shining One.
  5730 | D:5      | Reached XP level 8. HP: 58/58 MP: 10/16
  6442 | D:5      | Learned a level 4 spell: Flame Wave
  6471 | D:6      | Found Kang's General Store.
  6772 | D:6      | Noticed a wyvern
  6804 | D:6      | Killed a wyvern
  6938 | D:6      | Reached XP level 9. HP: 65/65 MP: 5/18
  7032 | D:6      | Found Izxaup's General Store.
  7123 | D:6      | Found Nykherem's Antique Weapon Shoppe.
  7307 | D:6      | Found Isulot's Antique Armour Emporium.
  7394 | D:6      | Bought a smoking leather armour for 196 gold pieces
  7394 | D:6      | Identified the +4 leather armour "Terogipu" {*Slow rElec
                  | Will+ Slay+3 Stlth+} (You bought it in a shop on level 6 of
                  | the Dungeon)
  7415 | D:6      | Found a sacrificial altar of Ru.
  7492 | D:6      | Became a worshipper of Ru the Awakened
  7581 | D:6      | Found a shimmering blue altar of Sif Muna.
  7615 | D:6      | Found Zaosar's Antique Weapon Boutique.
  8117 | D:7      | Reached skill level 5 in Invocations
  8363 | D:7      | Noticed a hornet
  8374 | D:7      | Paralysed by a hornet for 2 turns
  8375 | D:7      | Killed a hornet
  8654 | D:7      | Found a bloodstained altar of Trog.
  8675 | D:7      | Found a blossoming altar of Fedhas.
  8803 | D:7      | Found a glowing silver altar of Zin.
  8803 | D:7      | Noticed an angel
  8896 | D:8      | Reached skill level 5 in Fighting
  8896 | D:8      | Reached skill level 5 in Short Blades
  8896 | D:8      | Reached skill level 5 in Long Blades
  8896 | D:8      | Reached skill level 5 in Axes
  8896 | D:8      | Reached skill level 5 in Maces & Flails
  8896 | D:8      | Reached skill level 5 in Polearms
  8896 | D:8      | Reached skill level 5 in Staves
  8896 | D:8      | Reached skill level 5 in Ranged Weapons
  8896 | D:8      | Reached skill level 5 in Throwing
  8896 | D:8      | Reached skill level 5 in Armour
  8896 | D:8      | Reached skill level 5 in Shields
  8896 | D:8      | Reached skill level 5 in Unarmed Combat
  8896 | D:8      | Reached skill level 5 in Evocations
  8896 | D:8      | Reached XP level 10. HP: 74/74 MP: 14/20
  8908 | D:8      | Found a staircase to the Lair.
  9000 | D:8      | Found a sand-covered staircase.
  9021 | Ossuary  | Entered an ossuary
  9513 | Ossuary  | Reached skill level 5 in Conjurations
  9867 | D:8      | Found an opulent altar of Gozag.
 10651 | D:9      | Found a flagged portal.
 10804 | D:9      | Identified the +1 hand axe of Living Valiance {vamp, rElec
                  | rPois rCorr Int-4}
 10809 | Bailey   | Entered a bailey
 11056 | Bailey   | Identified a scroll of acquirement
 11056 | Bailey   | Acquired the +2 helmet "Cebrywel" {rC++}
 11057 | Bailey   | Killed by an exploding butterfly... ignited by their inner
                  | flame

Illustrated notes

Levels and vault maps discovered:
D:1:      dpeg_arrival_rooms_a, layout_rooms
D:2:      layout_basic, serial_shops, shop, minmay_nonomino_d4
D:3:      layout_rooms, nicolae_uskayaw_en_pointe,
          shapermc_ecumenical_altar_totnotflames,
          chequers_serial_rivers_micro_d, nicolae_figureground_sparkle,
          uniq_ijyb
D:4:      minmay_chambers_of_twos, layout_loops_ring, grunt_nemelex_the_gamble,
          minmay_temple_entry_drinking_statues, grunt_decor_resistance,
          kennysheep_cluttered_room
D:5:      layout_basic, lemuel_round_altar, serial_shops, shop
D:6:      layout_cave_pools, tgw_sif, kennysheep_mini, serial_shops,
          nicolae_shop_back_alley_shop, nicolae_shop_peninsula,
          nicolae_shop_behind_doors, nicolae_shop_rolling_square,
          nicolae_stop_n_shop_1, minivault_4
D:7:      layout_rooms, zin_angel, lemuel_doored_altar, fedhas_ov_isle_minmay,
          minmay_holes, kennysheep_cross_room, kennysheep_another_room,
          chequers_serial_rivers_micro_a
D:8:      layout_loops_ring, lemuel_round_altar, dpeg_oklobed_lair,
          enter_ossuary_1
D:9:      layout_gridville, mainiacjoe_overflow_alcove_4, elyvilon_altar_1,
          gammafunk_ghost_wrathful_warriors, enter_bailey_2
Temple:   hellmonk_temple_micro_hex
Bailey:   bailey_axe_minmay_hex_keep, bailey

Skill      XL: |  1  2  3  4  5  6  7  8  9 10 |
---------------+-------------------------------+-----
Conjurations   | 2 3 4 5 |  5.3
Spellcasting   | 5 6 7 |  7.8
Invocations    | 1 2 3 4 5 6 |  6.4
Fighting       | 1 2 3 4 5 |  5.8
Short Blades   | 1 2 3 4 5 |  5.8
Long Blades    | 1 2 3 4 5 |  5.8
Axes           | 1 2 3 4 5 |  5.8
Maces & Flails | 1 2 3 4 5 |  5.8
Polearms       | 1 2 3 4 5 |  5.8
Staves         | 1 2 3 4 5 |  5.8
Ranged Weapons | 1 2 3 4 5 |  5.8
Throwing       | 1 2 3 4 5 |  5.8
Armour         | 1 2 3 4 5 |  5.8
Shields        | 1 2 3 4 5 |  5.8
Unarmed Combat | 1 2 3 4 5 |  5.8
Evocations     | 1 2 3 4 5 |  5.8
Hexes          | 1 2 3 4 |  4.8
Summonings     | 1 2 3 4 |  4.8
Necromancy     | 1 2 3 4 |  4.8
Translocations | 1 2 3 4 |  4.8
Transmutations | 1 2 3 4 |  4.8
Ice Magic      | 1 2 3 4 |  4.8
Air Magic      | 1 2 3 4 |  4.8
Earth Magic    | 1 2 3 4 |  4.8
Poison Magic   | 1 2 3 4 |  4.8
Dodging        | 5 6 7 |  7.5
Stealth        | 5 6 7 |  7.2
Fire Magic     | 6 7 |  7.4

Action                     |  1- 3 |  4- 6 |  7- 9 | 10-12 || total
---------------------------+-------+-------+-------+-------++-------
  Melee: Club              |     6 |    14 |       |       ||    20
         Bite              |     1 |     1 |     5 |     6 ||    13
         Short sword       |       |    22 |    45 |       ||    67
         Punch             |       |     2 |     1 |     3 ||     6
         Dagger            |       |       |     4 |    45 ||    49
   Cast: Foxfire           |    44 |    32 |    80 |    59 ||   215
         Scorch            |     6 |    52 |    77 |    44 ||   179
         Magic Dart        |       |    10 |       |       ||    10
         Volatile Blastmot |       |       |    12 |    10 ||    22
         Flame Wave        |       |       |    11 |     5 ||    16
 Invoke: Reject Sacrifices |       |       |       |     1 ||     1
    Use: Scroll            |       |     1 |     7 |    11 ||    19
   Stab: Sleeping          |     1 |     4 |       |     3 ||     8
 Armour: Leather armour    |     1 |    19 |    37 |    43 ||   100
         Skin              |       |     1 |       |       ||     1
  Dodge: Dodged            |     7 |    37 |    62 |    56 ||   162
